 Dungeon Crawl Stone Soup version 0.21-a0-538-gd16b88a (webtiles) character file.

77 mortelune the Firebug (level 4, -5/24 HPs)
             Began as a Deep Elf Fire Elementalist on Dec 16, 2017.
             Killed by divine providence
             ... invoked by an orc priest
              (12 damage)
             ... on level 3 of the Dungeon.
             The game lasted 00:05:43 (2576 turns).

mortelune the Firebug (Deep Elf Fire Elementalist)  Turns: 2576, Time: 00:05:43

Health: -5/24      AC:  3    Str:  5    XL:     4   Next: 14%
Magic:  1/11       EV: 13    Int: 21    God:
Gold:   60         SH:  0    Dex: 15    Spells: 0/10 levels left

rFire    . . .     SeeInvis .   g - +0 short sword
rCold    . . .     Gourm    .   (no shield)
rNeg     . . .     Faith    +   a - +0 robe
rPois    .         Spirit   .   (no helmet)
rElec    .         Reflect  .   (no cloak)
rCorr    .         Harm     .   i - +0 pair of gloves
MR       .....                  (no boots)
Stlth    ++........             e - amulet of faith
HPRegen  0.08/turn              (no ring)
MPRegen  0.12/turn              (no ring)

@: no status effects
A: no striking features
a: no special abilities


You were on level 3 of the Dungeon.
You were not hungry.

You visited 1 branch of the dungeon, and saw 3 of its levels.

You collected 60 gold pieces.

Inventory:

Hand Weapons
 d - a +0 club
 g - a +0 short sword (weapon)
Missiles
 m - 22 sling bullets
 s - 67 stones (quivered)
Armour
 a - a +0 robe (worn)
 i - a +0 pair of gloves (worn)
 o - a +2 leather armour of fire resistance
Jewellery
 e - an amulet of faith (around neck)
 l - a cursed ring of protection from fire {unknown}
Scrolls
 h - 3 scrolls of remove curse {unknown}
 j - a scroll of immolation {unknown}
 k - a scroll of enchant armour {unknown}
 p - 2 scrolls of amnesia {unknown}
 q - a scroll of identify {unknown}
Potions
 n - a potion of curing {unknown}
 t - a potion of heal wounds {unknown}
Books
 b - a book of Flames

   Spells                             Type                      Level
   a - Flame Tongue                   Conjuration/Fire             1
   b - Throw Flame                    Conjuration/Fire             2
   c - Conjure Flame                  Conjuration/Fire             3
   d - Inner Flame                    Hexes/Fire                   3
   e - Sticky Flame                   Conjuration/Fire             4
   f - Fireball                       Conjuration/Fire             5
Comestibles
 c - 4 bread rations
 f - 2 meat rations


   Skills:
 - Level 2.4 Dodging
 - Level 2.4 Stealth
 + Level 3.9 Spellcasting
 * Level 3.2 Conjurations
 + Level 4.0 Fire Magic


You couldn't memorise any spells.
You knew the following spells:

 Your Spells              Type           Power        Failure   Level  Hunger
a - Flame Tongue          Conj/Fire      ###..        2%          1    None
b - Throw Flame           Conj/Fire      ###...       4%          2    #......
c - Conjure Flame         Conj/Fire      ###.....     9%          3    ###....
d - Sticky Flame          Conj/Fire      ###.....     26%         4    ####...


Dungeon Overview and Level Annotations

Branches:
Dungeon (3/15)

Altars:
Gozag
Wu Jian

Shops:
D:2 *


Message History

Casting: Flame Tongue
Confirm with . or Enter, or press ? or * to list all spells.
Aiming: Flame Tongue
Press: ? - help, Shift-Dir - straight line, f/p - orc
Aim: an orc, wielding a club (lightly wounded)
The flame tongue hits the orc.
You kill the orc!
Your Fire Magic skill increases to level 4!
The kobold shouts!
The orc priest hits you but does no damage.
The orc priest mumbles some strange prayers to Beogh against you.
Pain shoots through your body!
The orc priest calls down the wrath of Beogh upon you.
Pain shoots through your body!
* * * LOW HITPOINT WARNING * * *
There is a stone staircase leading up here.
The orc priest calls down the wrath of Beogh upon you.
Beogh smites you!
Ouch! That really hurt!
You die...

...# # ....
.# #.K# #.
#..# .
#..#.#######
#..#[#.o..@#
#.)).#.#####
#.###.#
#.....#
#######


You could see an orc priest.

Vanquished Creatures
  An adder (D:2)
  An ooze (D:2)
  2 worms (D:2)
  A dart slug (D:2)
  3 leopard geckos
  3 orcs (D:3)
  3 giant cockroaches
  6 goblins
  5 hobgoblins
  4 jackals (D:2)
  6 bats
  3 frilled lizards
  7 kobolds
  6 rats
51 creatures vanquished.

Notes
Turn   | Place    | Note
-------+----------+-------------------------------------------
     0 | D:1      | mortelune the Deep Elf Fire Elementalist began the quest for the Orb.
     0 | D:1      | Reached XP level 1. HP: 10/10 MP: 6/6
   418 | D:1      | Reached XP level 2. HP: 15/15 MP: 6/8
   422 | D:1      | Learned a level 2 spell: Throw Flame
  1321 | D:2      | Reached XP level 3. HP: 19/19 MP: 8/10
  1326 | D:2      | Learned a level 3 spell: Conjure Flame
  1346 | D:2      | Found an ornate altar of the Wu Jian Council.
  2181 | D:2      | Found an opulent altar of Gozag.
  2281 | D:2      | Reached XP level 4. HP: 24/24 MP: 8/11
  2287 | D:2      | Learned a level 4 spell: Sticky Flame
  2422 | D:2      | Found Gozag's Platinum Reserve.
  2566 | D:3      | Reached skill level 4 in Fire Magic
  2576 | D:3      | Killed from afar by an orc priest

Vault maps used:
D:1:      minmay_arrival_split_and_join
D:2:      lemuel_doored_altar, first_bread, nicolae_gozag_zags_fifth_avenue
D:3:      xom_teletrap_fun, lemuel_crystal_altar

Skill      XL: |  1  2  3  4 |
---------------+-------------+-----
Conjurations   | 2 3 |  3.2
Fire Magic     | 4 |  4.0
Dodging        | |  2.4
Stealth        | |  2.4
Spellcasting   | |  3.9

Action                   |  1- 3 |  4- 6 || total
-------------------------+-------+-------++-------
 Cast: Flame Tongue      |    41 |     9 ||    50
       Throw Flame       |    39 |     5 ||    44
  Eat: Chunk             |     5 |     1 ||     6
Armor: Robe              |     2 |     1 ||     3
Dodge: Dodged            |     5 |     3 ||     8

Table legend:
 A = Spawn XP
 B = Non-spawn XP
 C = Spawn XP percentage of total XP
 D = Spawn monster count
 E = Non-spawn monster count
 F = Spawn count percentage of total count
 G = Total turns spent on level
                    A         B        C        D         E        F      G
               +---------+---------+-------+---------+---------+-------+---------
         Total |       0 |     111 |   0.0 |       0 |      51 |   0.0 |  2576
               +---------+---------+-------+---------+---------+-------+---------
           D:1 |       0 |      31 |   0.0 |       0 |      19 |   0.0 |  1149
           D:2 |       0 |      71 |   0.0 |       0 |      29 |   0.0 |  1398
           D:3 |       0 |       9 |   0.0 |       0 |       3 |   0.0 |    29
               +---------+---------+-------+---------+---------+-------+---------
